 Dungeon Crawl Stone Soup version 0.25.1-2-g60ff931df9 (webtiles) character file.

Game seed: 16329971696967007259

59991 Delamore the Bludgeoner (level 14, 0/98 HPs)
             Began as a Gargoyle Fighter on Aug 17, 2020.
             Was the Champion of Okawaru.
             Slain by an orc knight
             ... wielding a +0 long sword
              (20 damage)
             ... on level 1 of the Orcish Mines.
             The game lasted 00:26:42 (24139 turns).

Delamore the Bludgeoner (Gargoyle Fighter)         Turns: 24139, Time: 00:26:43

Health: 0/98       AC: 23    Str: 29    XL:     14   Next: 97%
Magic:  14/14      EV:  8    Int:  9    God:    Okawaru [******]
Gold:   2004       SH: 19    Dex:  6    Spells: 13/13 levels left

rFire    . . .     SeeInvis .   R - +2 eveningstar (drain)
rCold    + + .     Gourm    .   c - +0 kite shield
rNeg     + . .     Faith    .   r - +0 chain mail of the Hot Ocelot {rPois rC+ Str+4 Dex-3}
rPois    ∞         Spirit   .   L - +1 hat
rElec    +         Reflect  +   g - scarf {repulsion}
rCorr    .         Harm     .   (no gloves)
MR       ++...                  w - +2 pair of boots
Stlth    ..........             k - amulet of reflection
HPRegen  0.26/turn              F - ring of protection from magic
MPRegen  0.14/turn              l - ring of protection from cold

@: repel missiles
A: big wings, negative energy resistance 1, electricity resistance, unbreathing,
petrification resistance, rot immunity, AC +10
a: Fly, Heroism, Finesse, Renounce Religion


You were on level 1 of the Orcish Mines.
You worshipped Okawaru.
Okawaru was exalted by your worship.
You were not hungry.

You visited 4 branches of the dungeon, and saw 18 of its levels.
You also visited: Ossuary.

You collected 2088 gold pieces.
You spent 84 gold pieces at shops.

Inventory:

Hand Weapons
 R - a +2 eveningstar of draining (weapon)
 S - the +1 demon whip "Joir Hen" {drain, Int+7 Stlth+}
   (Okawaru gifted it to you on level 2 of the Lair of Beasts)

   A truly terrible weapon, it drains the life of those it strikes.
   It affects your intelligence (+7).
   It makes you more stealthy.
Missiles
 h - 7 atropa-tipped darts
 x - 10 javelins (quivered)
Armour
 c - a +0 kite shield (worn)
 g - a scarf of repulsion (worn)
 r - the +0 chain mail of the Hot Ocelot (worn) {rPois rC+ Str+4 Dex-3}
   (You found it on level 5 of the Lair of Beasts)

   It affects your strength (+4).
   It affects your dexterity (-3).
   It protects you from cold.
   It protects you from poison.
 w - a +2 pair of boots (worn)
 L - a +1 hat (worn)
Jewellery
 k - an amulet of reflection (around neck)
 l - a ring of protection from cold (right hand)
 F - a ring of protection from magic (left hand)
Wands
 o - a wand of disintegration (4)
 y - a wand of acid (3)
 N - a wand of iceblast (18)
 O - a wand of enslavement (13)
 Q - a wand of flame (35)
Scrolls
 e - 9 scrolls of remove curse
 j - a scroll of identify
 m - 6 scrolls of fog
 q - a scroll of silence
 s - 4 scrolls of enchant armour
 t - 4 scrolls of magic mapping
 u - 3 scrolls of immolation
 G - 5 scrolls of teleportation
 H - 2 scrolls of fear
 K - 2 scrolls of summoning
 M - a scroll of vulnerability
Potions
 a - 2 potions of brilliance {unknown}
 d - 4 potions of might
 i - 2 potions of magic
 n - 3 potions of curing
 p - a potion of resistance
 v - 5 potions of flight
 z - 4 potions of berserk rage
 A - 2 potions of stabbing
 B - 3 potions of heal wounds
 C - 4 potions of cancellation
 D - 3 potions of mutation {unknown}
 E - 2 potions of haste
 J - a potion of invisibility {unknown}
 P - 2 potions of ambrosia {unknown}
Comestibles
 f - 24 rations


   Skills:
 + Level 15.3 Fighting
 - Level 16.0 Maces & Flails
 - Level 3.2 Armour
 - Level 15.0 Shields


You had 13 spell levels left.
You didn't know any spells.
Your spell library contained the following spells:

 Spells                   Type           Power        Failure   Level  Hunger
 Animate Skeleton         Necr           N/A          91%         1    ##.....
 Apportation              Tloc           #.....       91%         1    ##.....
 Corona                   Hex            #......      91%         1    ##.....
 Magic Dart               Conj           #...         91%         1    ##.....
 Shock                    Conj/Air       #...         91%         1    ##.....
 Summon Small Mammal      Summ           #...         91%         1    ##.....
 Ensorcelled Hibernation  Hex/Ice        #.....       97%         2    ###....
 Searing Ray              Conj           #.....       97%         2    ###....
 Swiftness                Chrm/Air       #.......     97%         2    ###....
 Confusing Touch          Hex            #.......     100%        3    ####...
 Dazzling Flash           Conj/Hex       #.....       100%        3    ####...
 Static Discharge         Conj/Air       #.......     100%        3    ####...
 Tukima's Dance           Hex            #.......     100%        3    ####...
 Airstrike                Air            #.........   100%        4    #####..
 Fulminant Prism          Conj/Hex       #.........   100%        4    #####..
 Iskenderun's Mystic Bla  Conj/Tloc      #.......     100%        4    #####..
 Lightning Bolt           Conj/Air       #.........   100%        5    ######.


Dungeon Overview and Level Annotations

Branches:
Dungeon (9/15)             Temple (1/1) D:4            Lair (6/6) D:9
 Shoals (0/4) Lair:4       Spider (0/4) Lair:4        Slime (0/5) Lair:6
    Orc (2/2) D:9             Elf (0/3) Orc:2       Ossuary (visited)

Altars:
Ashenzari
Cheibriados
Dithmenos
Elyvilon
Fedhas
Gozag
Hepliaklqana
Kikubaaqudgha
Makhleb
Nemelex Xobeh
Okawaru
Qazlal
Ru
Sif Muna
Trog
Uskayaw
Vehumet
Wu Jian
Xom
Yredelemnul
Zin
The Shining One
Jiyva

Shops:
D:7 [   D:8 ?


Innate Abilities, Weirdness & Mutations

You are resistant to torment.
Your stone body is resilient. (AC +10)
You are immune to poison.
Your large and strong wings let you fly indefinitely.
You resist negative energy. (rN+)
You are resistant to electric shocks. (rElec)
You can survive without breathing.
You are immune to petrification.
You are immune to rotting.


Message History

a +0 mace; a +0 chain mail
Items here: )) [[ ÷÷÷ The orc knight no longer looks unusually strong.
Things that are here:
a +0 scimitar; 6 boomerangs; a +0 chain mail You see here a bolt.
Things that are here:
a +0 chain mail; a cursed -1 war axe
There is a stone staircase leading up here.
The orc knight hits you with a +0 long sword!
* * * LOW HITPOINT WARNING * * *
You climb upwards.
There is a stone staircase leading down here.
You hit the orc knight but do no damage.
You drain the orc knight.
The orc knight is lightly wounded.
You puncture the orc knight!
The orc knight is moderately wounded.
The orc knight hits you with a +0 long sword!!
You die...

#.#..##..#.#......#...##
.....#......#..........######
#.#........##.......#..#.##.##
............##.....#)........##
..#................##".#..#.#.###
..#...>..............[)#.......#.
.#...............................
......#.........o...........##.#.
##...###.......[@..........######
##.#.##........)÷[.......###
#...........#...........#####
##.#.##..............#.#..#.##
####..............##........##
#.....###......#.##.#......#
##.....####.......######..## #
##.#.## ##.....## ##..#####
#...## #......# #....##..


You could see an orc knight (strong, drained).

Vanquished Creatures
  Gastronok (Lair:2)
  The ghost of Peloso the Peltast, a journeyman MiFi of Okawaru (Lair:3)
  Josephine (Lair:5)
  4 hydras
  4 catoblepae
  A centaur warrior (D:9)
  2 two-headed ogres
  6 death yaks
  4 orc high priests
  2 orc knights (Orc:2)
  3 manticores
  9 elephants
  4 black mambas
  2 torpor snails (Lair:4)
  8 spiny frogs
  4 rime drakes
  The ghost of Colgate the Thaumaturge, a novice DEAE of Kikubaaqudgha (D:5)
  6 komodo dragons
  2 queen bees
  4 trolls
  3 jumping spiders (Lair:4)
  3 meliai (Lair:4)
  2 hornets (Lair:3)
  19 blink frogs
  8 hippogriffs
  6 redbacks (Lair:4)
  4 wraiths (Lair:5)
  6 wyverns
  48 yaks
  A steam dragon (D:8)
  A basilisk (Lair:3)
  A hungry ghost (D:9)
  6 wargs
  13 water moccasins
  8 porcupines
  A sky beast (D:7)
  3 black bears
  A hornet zombie (Ossuary)
  19 orc warriors
  2 ice beasts
  4 phantoms
  4 necrophages (D:8)
  A centaur (D:7)
  11 ogres
  11 wolves
  11 crocodiles
  9 bullfrogs
  A water moccasin zombie (Ossuary)
  A scorpion (D:7)
  A wyvern skeleton (D:6)
  48 killer bees
  A howler monkey (D:6)
  An electric eel (Lair:2)
  2 crimson imps
  4 centaur zombies
  2 jellies
  4 bullfrog zombies
  5 hounds
  9 orc priests
  A bullfrog skeleton (D:4)
  Crazy Yiuf (D:2)
  3 iguanas
  7 worker ants
  10 orc wizards
  2 killer bee zombies (Ossuary)
  18 mummies
  6 hound zombies
  A hound skeleton (D:4)
  8 worker ant zombies
  A howler monkey zombie (D:9)
  3 gnolls (D:9)
  A howler monkey skeleton (D:7)
  11 adders
  A shadow imp (D:7)
  2 oozes
  2 adder zombies (Ossuary)
  An adder skeleton (D:5)
  3 worms
  3 dart slugs
  5 leopard geckos
  51 orcs
  11 giant cockroaches
  7 hobgoblins
  10 jackals
  6 quokkas
  2 ball pythons
  11 bats
  5 frilled lizards
  A giant cockroach zombie (Ossuary)
  11 goblins
  2 jackal skeletons
  15 kobolds
  A quokka skeleton (D:5)
  3 quokka zombies
  16 rats
596 creatures vanquished.

Vanquished Creatures (others)
  An orc (Orc:2)
  A goblin (D:1)
  A hobgoblin (D:1)
  14 fungi
  24 plants
41 creatures vanquished.

Grand Total: 637 creatures vanquished

Notes
Turn   | Place    | Note
-------+----------+-------------------------------------------
     0 | D:1      | Delamore the Gargoyle Fighter began the quest for the Orb.
     0 | D:1      | Reached XP level 1. HP: 14/14 MP: 1/1
   228 | D:1      | Reached XP level 2. HP: 19/19 MP: 2/2
   361 | D:1      | Reached skill level 3 in Maces & Flails
   629 | D:1      | Reached XP level 3. HP: 23/23 MP: 3/3
  1171 | D:2      | You fall into a shaft and drop 1 floor!
  1252 | D:2      | Reached skill level 4 in Maces & Flails
  1284 | D:2      | Reached XP level 4. HP: 28/28 MP: 4/4
  1651 | D:2      | Found a faded altar of an unknown god.
  2049 | D:2      | Reached skill level 5 in Maces & Flails
  2054 | D:2      | Reached XP level 5. HP: 30/32 MP: 5/5
  2217 | D:2      | Found a snail-covered altar of Cheibriados.
  2219 | D:2      | Found a bloodstained altar of Trog.
  2219 | D:2      | Found an ornate altar of the Wu Jian Council.
  2221 | D:2      | Found a shimmering altar of Xom.
  2221 | D:2      | Found a sparkling altar of Nemelex Xobeh.
  2221 | D:2      | Found a radiant altar of Vehumet.
  2360 | D:2      | Found a runed translucent door.
  2361 | D:2      | Noticed Crazy Yiuf
  2524 | D:2      | Killed Crazy Yiuf
  2618 | D:3      | Found a burning altar of Makhleb.
  2621 | D:3      | Found a hide-covered altar of Uskayaw.
  2623 | D:3      | Found a white marble altar of Elyvilon.
  2623 | D:3      | Found a shattered altar of Ashenzari.
  3128 | D:3      | Reached skill level 6 in Maces & Flails
  3163 | D:3      | Reached XP level 6. HP: 18/37 MP: 6/6
  3736 | D:4      | Found a staircase to the Ecumenical Temple.
  3761 | Temple   | Entered the Ecumenical Temple
  4063 | Temple   | Became a worshipper of Warmaster Okawaru
  4236 | D:4      | Reached skill level 7 in Maces & Flails
  4436 | D:4      | Reached XP level 7. HP: 41/41 MP: 7/7
  4749 | D:4      | Found a basalt altar of Yredelemnul.
  4798 | D:5      | Entered Level 5 of the Dungeon
  4951 | D:5      | Found a large runed translucent door.
  4951 | D:5      | Found a large runed translucent door.
  4952 | D:5      | Noticed Colgate's ghost (novice DEAE)
  4959 | D:5      | Reached skill level 8 in Maces & Flails
  5537 | D:5      | Found a blossoming altar of Fedhas.
  5537 | D:5      | Found an ancient bone altar of Kikubaaqudgha.
  5737 | D:5      | Reached * piety under Okawaru
  5737 | D:5      | Reached skill level 9 in Maces & Flails
  5737 | D:5      | Reached XP level 8. HP: 42/46 MP: 8/8
  5743 | D:5      | Got a steaming trident
  5744 | D:5      | Identified the cursed +1 trident of Recklessness {vorpal,
                  | rF- MR+ MP+9 Str+3} (You found it on level 5 of the
                  | Dungeon)
  6048 | D:5      | Killed Colgate's ghost
  6102 | D:6      | Found a sand-covered staircase.
  6113 | Ossuary  | Entered an ossuary
  6154 | Ossuary  | Reached skill level 10 in Maces & Flails
  6527 | Ossuary  | Reached ** piety under Okawaru
  6737 | Ossuary  | Reached skill level 11 in Maces & Flails
  6916 | Ossuary  | Reached XP level 9. HP: 51/51 MP: 9/9
  7244 | D:6      | Found a bloodstained altar of Trog.
  7429 | D:6      | Reached skill level 12 in Maces & Flails
  7571 | D:6      | Found a sparkling altar of Nemelex Xobeh.
  8508 | D:7      | Reached *** piety under Okawaru
  8508 | D:7      | Reached skill level 13 in Maces & Flails
  8521 | D:7      | Found Leecyf's Armour Shop.
  8745 | D:7      | Reached XP level 10. HP: 38/56 MP: 10/10
  9793 | D:8      | Reached skill level 14 in Maces & Flails
 10118 | D:8      | Reached **** piety under Okawaru
 10145 | D:8      | Found a stormy altar of Qazlal.
 10204 | D:7      | Reached skill level 5 in Shields
 10492 | D:8      | Found Neleomest's Magic Scroll Emporium.
 10500 | D:8      | Bought a scroll of magic mapping for 42 gold pieces
 10500 | D:8      | Bought a scroll of fear for 42 gold pieces
 10556 | D:8      | Found an ornate altar of the Wu Jian Council.
 10648 | D:9      | Found a shadowy altar of Dithmenos.
 10715 | D:9      | Found a transporter.
 10719 | D:9      | Noticed a six-headed hydra
 10725 | D:9      | Found a sacrificial altar of Ru.
 11032 | D:9      | Found a staircase to the Orcish Mines.
 11043 | D:9      | Found a staircase to the Lair.
 11325 | D:9      | Found a transporter.
 11339 | D:9      | Noticed a centaur warrior
 11772 | Lair:1   | Entered Level 1 of the Lair of Beasts
 11774 | Lair:1   | Noticed a spiny frog
 11822 | D:8      | HP: 1/56 [spiny frog (8)]
 11827 | D:8      | Killed a spiny frog
 12400 | Lair:1   | Noticed a spiny frog
 12425 | Lair:1   | Killed a spiny frog
 12425 | Lair:1   | Reached XP level 11. HP: 50/60 MP: 11/11
 12532 | Lair:1   | Reached ***** piety under Okawaru
 12570 | Lair:1   | Reached skill level 10 in Shields
 13476 | Lair:1   | Received a gift from Okawaru
 14296 | Lair:2   | Noticed Gastronok
 14915 | Lair:2   | Noticed a seven-headed hydra
 14937 | Lair:2   | Killed a seven-headed hydra
 15455 | Lair:2   | Killed Gastronok
 15455 | Lair:2   | Received a gift from Okawaru
 15455 | Lair:2   | Reached XP level 12. HP: 48/64 MP: 12/12
 15461 | Lair:2   | Got a transparent demon whip {god gift}
 15462 | Lair:2   | Identified the +1 demon whip "Joir Hen" {drain, Int+7
                  | Stlth+} (Okawaru gifted it to you on level 2 of the Lair of
                  | Beasts)
 16140 | Lair:3   | Reached ****** piety under Okawaru
 16356 | Lair:3   | Found a transporter.
 16359 | Lair:3   | Found a transporter.
 16363 | Lair:3   | Noticed Peloso's ghost (journeyman MiFi)
 16384 | Lair:3   | Reached skill level 15 in Shields
 16517 | Lair:3   | Killed Peloso's ghost
 16517 | Lair:3   | Reached skill level 5 in Fighting
 16950 | Lair:4   | Noticed an eight-headed hydra
 16981 | Lair:4   | Killed an eight-headed hydra
 16981 | Lair:4   | Received a gift from Okawaru
 17162 | Lair:4   | Noticed a five-headed hydra
 17171 | Lair:4   | Killed a five-headed hydra
 17432 | Lair:4   | Found a staircase to the Shoals.
 17435 | Lair:4   | Reached XP level 13. HP: 72/80 MP: 13/13
 17614 | Lair:4   | Reached skill level 10 in Fighting
 18505 | Lair:4   | Found a hole to the Spider Nest.
 18794 | Lair:4   | Received a gift from Okawaru
 19500 | Lair:5   | Received a gift from Okawaru
 19513 | Lair:5   | Noticed Josephine
 19552 | Lair:5   | Killed Josephine
 19737 | Lair:5   | Got a steaming chain mail
 19748 | Lair:5   | Identified the +0 chain mail of the Hot Ocelot {rPois rC+
                  | Str+4 Dex-3} (You found it on level 5 of the Lair of
                  | Beasts)
 20385 | Lair:6   | Entered Level 6 of the Lair of Beasts
 20575 | Lair:6   | Found a staircase to the Slime Pits.
 20789 | Lair:6   | Found a viscous altar of Jiyva.
 20869 | Lair:6   | Gained mutation: Your large and strong wings let you fly
                  | indefinitely. [Gargoyle growth]
 20869 | Lair:6   | Reached XP level 14. HP: 92/94 MP: 14/14
 20919 | Lair:6   | Received a gift from Okawaru
 21393 | Lair:6   | Reached skill level 15 in Maces & Flails
 21611 | Lair:6   | Received a gift from Okawaru
 22576 | Orc:1    | Entered Level 1 of the Orcish Mines
 22787 | Orc:2    | Entered Level 2 of the Orcish Mines
 23569 | Orc:2    | Reached skill level 15 in Fighting
 23981 | Orc:2    | Found a staircase to the Elven Halls.
 24120 | Orc:2    | Reached skill level 16 in Maces & Flails
 24139 | Orc:1    | Slain by an orc knight

Illustrated notes

Levels and vault maps discovered:
D:1:      roderic_crossed_star, layout_basic, minmay_misc_feat_roman,
          minmay_misc_feat_secret_circle, lemuel_flame_loot_1
D:2:      minmay_razor_zed, layout_loops_ring, doesnt_xom_only_xom,
          chequers_ecumenical_altar_grove, first_ration, minmay_heptomino_o4,
          uniq_crazy_yiuf_cottage
D:3:      layout_rooms, overflow_temple_1_default,
          nicolae_overflow_hidden_temple,
          chequers_temple_overflow_statue_of_worship, minmay_ruptured
D:4:      layout_loops_cross, old_standard_altar, minmay_temple_entry_water_ring
D:5:      minmay_angry_zag, layout_rooms,
          grunt_temple_overflow_growth_and_decay, ebering_ghost_disaster_area
D:6:      layout_basic, kennysheep_mini, gup_ossuary_entry_pyramid, basic_altar,
          nrook_campfire
D:7:      layout_basic, serial_shops, shop
D:8:      layout_rooms, kennysheep_mini_moat, nicolae_qazlal_style_of_elements,
          serial_shops, nicolae_shop_stone, serial_undead, serial_undead_a,
          serial_undead_a, serial_undead_e, serial_undead_d
D:9:      gammafunk_the_bubble [the_bubble_gammafunk_grid], layout_loops_ring,
          nicolae_ru_awakened_eye, grunt_dithmenos_smoke,
          erik_lair_orcish_takeover, orc_0_dummy
Temple:   jpeg_temple_island
Lair:1:   layout_cave_pods, grunt_megastairs_4
Lair:2:   layout_regular_city, serial_bayou_shore_a, infiniplex_staircase_pool,
          uniq_gastronok
Lair:3:   layout_loops_ring, gammafunk_ghost_hive
Lair:4:   regret_index_wax_grids, layout_regular_city, elwin_shoals_entry_rocks,
          nicolae_spider_entry_tight_spaces, st_stairs_4
Lair:5:   layout_loops_ring, wad_woods_06, uniq_josephine
Lair:6:   evilmike_catoblepas_cave, layout_loops_ring, slime_altar_1
Orc:1:    layout_caves
Orc:2:    grunt_orc_tribal_feast, layout_caves

Skill      XL: |  1  2  3  4  5  6  7  8  9 10 11 12 13 14 |
---------------+-------------------------------------------+-----
Maces & Flails | 3 4 5 6 7 9 11 13 14 16 | 16.0
Shields        | 9 14 15 | 15.0
Fighting       | 8 13 15 | 15.3
Armour         | |  3.2

Action                   |  1- 3 |  4- 6 |  7- 9 | 10-12 | 13-15 || total
-------------------------+-------+-------+-------+-------+-------++-------
Melee: Flail             |   111 |   408 |   622 |   259 |       ||  1400
       Trident           |       |       |     5 |       |       ||     5
       Mace              |       |       |       |   616 |       ||   616
       Demon whip        |       |       |       |   426 |   873 ||  1299
       Eveningstar       |       |       |       |       |   205 ||   205
Throw: Javelin           |       |       |    19 |     7 |    13 ||    39
       Dart              |       |       |       |     8 |     1 ||     9
Invok: Heroism           |       |       |     2 |     6 |     3 ||    11
       Finesse           |       |       |       |     4 |     1 ||     5
Evoke: Wand              |       |       |       |     3 |       ||     3
  Use: Scroll            |       |       |    17 |     6 |     7 ||    30
       Potion            |       |       |     2 |     6 |     5 ||    13
 Stab: Invisible         |       |     2 |       |       |       ||     2
       Petrified         |       |       |       |       |     4 ||     4
  Eat: Chunk             |     1 |     8 |    11 |    22 |    19 ||    61
       Ration            |       |     1 |     1 |     2 |     1 ||     5
Armor: Scale mail        |    60 |   335 |   122 |       |       ||   517
       Chain mail        |       |       |   164 |   269 |   188 ||   621
       Plate armour      |       |       |       |   451 |   217 ||   668
Dodge: Dodged            |    36 |   190 |    98 |   258 |   181 ||   763
       Repelled          |       |       |       |       |     2 ||     2
Block: Kite shield       |    70 |   256 |   215 |   748 |   633 ||  1922
       Reflection        |       |       |       |       |     6 ||     6
